 Dungeon Crawl Stone Soup version 0.23.2-1-ga50397a (webtiles) character file.

Game seed: 18319125489232828750

310 Reg1 the Chopper (level 6, -2/52 HPs)
             Began as a Hill Orc Fighter on May 22, 2019.
             Slain by Sigmund
             ... wielding a +0 scythe
              (5 damage)
             ... on level 4 of the Dungeon.
             The game lasted 00:14:50 (2549 turns).

Reg1 the Chopper (Hill Orc Fighter)                 Turns: 2549, Time: 00:14:53

Health: -2/52      AC:  9    Str: 20    XL:     6   Next: 41%
Magic:  6/6        EV:  8    Int: 12    God:
Gold:   204        SH: 10    Dex: 11    Spells: 5/5 levels left

rFire    . . .     SeeInvis .   o - +1 hand axe (chop)
rCold    . . .     Gourm    +   c - +0 shield
rNeg     + . .     Faith    .   b - +0 scale mail
rPois    .         Spirit   .   (no helmet)
rElec    .         Reflect  .   (no cloak)
rCorr    .         Harm     .   q - +0 pair of gloves
MR       .....                  p - +0 pair of boots
Stlth    ..........             w - amulet of the gourmand
HPRegen  0.17/turn              e - +4 ring of intelligence
MPRegen  0.10/turn              k - ring of positive energy

@: no status effects
A: no striking features
a: no special abilities


You were on level 4 of the Dungeon.
You were very full.

You visited 1 branch of the dungeon, and saw 5 of its levels.

You collected 204 gold pieces.

Inventory:

Hand Weapons
 a - a +0 war axe
 o - a +1 hand axe of chopping (weapon)
 v - a +0 hand axe of chopping
 y - a +1 dire flail of crushing
Missiles
 i - 4 tomahawks (quivered)
Armour
 b - a +0 scale mail (worn)
 c - a +0 shield (worn)
 p - a +0 pair of boots (worn)
 q - a +0 pair of gloves (worn)
Jewellery
 e - a +4 ring of intelligence (left hand)
 k - a ring of positive energy (right hand)
 w - an amulet of the gourmand (around neck)
 B - a +6 ring of intelligence
Wands
 x - a wand of iceblast (8)
Scrolls
 d - 4 scrolls of teleportation {unknown}
 j - a scroll of magic mapping {unknown}
 l - 2 scrolls of identify {unknown}
 n - 4 scrolls of remove curse {unknown}
 s - 2 scrolls of blinking {unknown}
 C - a scroll of amnesia {unknown}
Potions
 m - 3 potions of brilliance {unknown}
 r - a potion of resistance {unknown}
 t - 3 potions of curing {unknown}
 u - a potion of lignification {unknown}
 z - a potion of haste {unknown}
 A - a potion of ambrosia {unknown}
Comestibles
 f - 3 rations


   Skills:
 + Level 4.2 Fighting
 + Level 4.9 Axes
 + Level 4.7 Armour
 + Level 1.3 Dodging
 + Level 0.1 Stealth
 + Level 4.9 Shields


You had 5 spell levels left.
You didn't know any spells.
Your spell library contained the following spells:

 Spells                   Type           Power        Failure   Level  Hunger
 Confusing Touch          Hex            #.....       97%         1    ##.....
 Confuse                  Hex            #.......     100%        3    ####...
 Gell's Gravitas          Tloc           #.........   100%        3    ####...
 Petrify                  Tmut/Erth      #.......     100%        4    #####..
 Metabolic Englaciation   Hex/Ice        #.........   100%        5    ######.
 Yara's Violent Unravell  Hex/Tmut       #.........   100%        5    ######.


Dungeon Overview and Level Annotations

Branches:
Dungeon (5/15)
 Temple: D:4-7

Altars:
Cheibriados
Ru
Uskayaw

Annotations:
D:4 Sigmund


Message History

* * * LOW HITPOINT WARNING * * *
You hear some strange, mumbled words.
You are confused.
You hear some strange, mumbled words.
A magic dart appears from out of thin air!
The magic dart hits you but does no damage.
Something hits you.
* * * LOW HITPOINT WARNING * * *
You feel very mighty all of a sudden.
You feel less confused.
It was a potion of invisibility.
You fade into invisibility!
Something hits you but does no damage.
You are very lightly contaminated with residual magic.
It was a potion of cancellation.
Your magical effects are unravelling.
You feel magically purged.
Your magical contamination has completely faded away.
You flicker back into view.
You feel a little less mighty now. Something hits you.
You die...

##..........
##........... #
##..#.........
..
##..###........
... ##..##
#..รทรท....
.... ##..##
#........ .....
##.{##
#........
#...#..##
#.......#
#....@##
##.....##
........#
##....##
....?....
##....#
.###......
###..# #.......
#..# #........
#... ..........
#...
#..........#
#... #...


There were no monsters in sight!

Vanquished Creatures
  A centaur (D:5)
  Jessica (D:2)
  Ijyb (D:3)
  A worker ant (D:4)
  A howler monkey zombie (D:4)
  4 gnolls (D:3)
  3 adders
  An ooze (D:1)
  2 dart slugs
  2 worms (D:2)
  6 leopard geckos
  4 orcs (D:3)
  3 giant cockroaches
  4 goblins
  4 hobgoblins
  6 jackals
  A ball python (D:2)
  A bat (D:3)
  3 frilled lizards
  7 kobolds
  A quokka zombie (D:3)
  6 rats
63 creatures vanquished.

Notes
Turn   | Place    | Note
-------+----------+-------------------------------------------
     0 | D:1      | Reg1 the Hill Orc Fighter began the quest for the Orb.
     0 | D:1      | Reached XP level 1. HP: 19/19 MP: 1/1
    88 | D:1      | Reached XP level 2. HP: 17/27 MP: 2/2
   495 | D:1      | Reached XP level 3. HP: 33/33 MP: 3/3
   765 | D:2      | Found a snail-covered altar of Cheibriados.
  1062 | D:2      | Reached XP level 4. HP: 40/40 MP: 4/4
  1106 | D:2      | Found a sacrificial altar of Ru.
  1132 | D:2      | Noticed Jessica
  1146 | D:2      | Killed Jessica
  1236 | D:2      | Noticed a -2 hand axe
  1236 | D:2      | Noticed a +0 dagger
  1238 | D:2      | Found a hide-covered altar of Uskayaw.
  1432 | D:3      | Noticed Ijyb
  1460 | D:3      | Killed Ijyb
  1460 | D:3      | Reached XP level 5. HP: 34/46 MP: 5/5
  1806 | D:3      | Reached skill level 1 in Dodging
  2481 | D:4      | Reached XP level 6. HP: 52/52 MP: 6/6
  2484 | D:4      | Noticed Sigmund
  2495 | D:5      | Entered Level 5 of the Dungeon
  2549 | D:4      | Slain by Sigmund

Skill      XL: |  1  2  3  4  5 |
---------------+----------------+-----
Axes           | 3 4 |  4.9
Armour         | 4 |  4.7
Shields        | 4 |  4.9
Fighting       | 4 |  4.2
Dodging        | 1 |  1.3
Stealth        | |  0.1

Action                   |  1- 3 |  4- 6 || total
-------------------------+-------+-------++-------
Melee: War axe           |    47 |       ||    47
       Hand axe          |    56 |   163 ||   219
  Use: Potion            |     1 |     3 ||     4
  Eat: Chunk             |     1 |    16 ||    17
Armor: Scale mail        |    47 |    62 ||   109
Dodge: Dodged            |    19 |    44 ||    63
Block: Shield            |    60 |    76 ||   136
